 Dungeon Crawl Stone Soup version 0.14.1-1-g650416f (webtiles) character file.

71 Rockjaw the Ruffian (level 3, -2/28 HPs)
             Began as a Draconian Transmuter on May 11, 2014.
             Killed from afar by Ijyb (6 damage)
             ... with a wand of magic darts
             ... on Level 2 of the Dungeon.
             The game lasted 00:08:20 (1095 turns).

Rockjaw the Ruffian (Draconian Transmuter)          Turns: 1095, Time: 00:08:21

HP  -2/28        AC  5     Str 13      XL: 3   Next:  7%
MP   6/6         EV 12     Int 13      God:
Gold 40          SH  0     Dex 11      Spells:  1 memorised,  5 levels left

rFire  . . .     SeeInvis .     c - +0 dagger (venom)
rCold  . . .     Clarity  .     (armour unavailable)
rNeg   . . .     Conserve .     (no shield)
rPois  .         rCorr    .     (helmet restricted)
rElec  .         rRot     .     (no cloak)
SustAb . .       Spirit   .     (no gloves)
rMut   +         Warding  .     (boots unavailable)
Saprov . . .     Stasis   .     n - amulet of resist mutation
MR     .....                    (no ring)
                                (no ring)

@: appendage (expiring), not resistant to hostile enchantments, unstealthy
A: unfitting armour, talons 3, AC +5
a: End Transformation


You were on level 2 of the Dungeon.
You were very full.
You had grown temporary talons.
You visited 1 branch of the dungeon, and saw 2 of its levels.

You collected 40 gold pieces.

Inventory:

Hand weapons
 c - a +0,+0 dagger of venom (weapon)
 g - a +0,+0 dagger
Missiles
 b - 12 arrows
 r - a throwing net (quivered)
Comestibles
 k - a banana
 m - 18 sultanas
 o - a meat ration
 s - a pear
Scrolls
 l - a scroll of remove curse {unknown}
 p - a scroll of recharging {unknown}
 q - 2 scrolls of teleportation {unknown}
Jewellery
 n - an amulet of resist mutation (around neck)
Potions
 e - a potion of confusion {unknown}
 f - a potion of curing
 h - 2 potions of brilliance {unknown}
 i - 2 potions of lignification {unknown}
 j - 2 potions of agility {unknown}
Books
 d - a book of Changes

   Spells                             Type                      Level
   *Beastly Appendage                 Transmutation                1
   Sticks to Snakes                   Transmutation                2
   Spider Form                        Transmutation/Poison         3
   Ice Form                           Ice/Transmutation            4
   Blade Hands                        Transmutation                5


   Skills:
 + Level 1.2 Fighting
 + Level 2.0 Dodging
 + Level 3.6 Unarmed Combat
 + Level 2.2 Spellcasting
 + Level 2.2 Transmutations


You had 5 spell levels left.
You knew the following spells:

 Your Spells              Type           Power        Failure   Level  Hunger
a - Beastly Appendage     Trmt           #.....       12%         1    ##.....


Dungeon Overview and Level Annotations

Branches:
Dungeon (2/15)

Altars:

Annotations:
D:2 Ijyb


Innate Abilities, Weirdness & Mutations

Your plain brown scales are hard (AC +5).
Your body does not fit into most forms of armour.
Your cold-blooded metabolism reacts poorly to cold.
You have claws for feet.


Message History

You closely miss Ijyb.
Ijyb is lightly wounded.
Your transformation is almost over.
Ijyb barely misses you.
You hit Ijyb but do no damage.
Ijyb looks even sicker.
Your kick misses Ijyb. You tail-slap Ijyb, but do no damage.
Ijyb is lightly wounded.
Ijyb zaps a wand.
The magic dart hits you!
* * * LOW HITPOINT WARNING * * *
You barely miss Ijyb. You claw Ijyb. You punch Ijyb.
Ijyb is heavily wounded.
Ijyb closely misses you.
You barely miss Ijyb. Your kick misses Ijyb. You tail-slap Ijyb.
Ijyb is severely wounded.
Ijyb zaps a wand.
The magic dart hits you!
* * * LOW HITPOINT WARNING * * *
You barely miss Ijyb. Your kick misses Ijyb.
Ijyb is severely wounded.
Ijyb zaps a wand.
The magic dart hits you!
You die...

#....##.......#.#
#....##.........#####
#....#######.........
#....# #...######
###'########.[.# #####
#....#.........# ......
#.#..#.......###
#...... #.#..#.......#
#(..... #.#.@#....)..#
#...... #.#.g#.....>.#
#......###.#..#.......#
#....?.)......#.......#
#......###.##+#########
#####.. ..# ### ####


You could see Ijyb.

Vanquished Creatures
  An adder (D:2)
  5 goblins
  3 hobgoblins (D:1)
  3 kobolds
  4 bats
  A giant newt (D:1)
  4 rats (D:1)
21 creatures vanquished.

Notes
Turn   | Place    | Note
--------------------------------------------------------------
     0 | D:1      | Rockjaw, the Draconian Transmuter, began the quest for the Orb.
     0 | D:1      | Reached XP level 1. HP: 16/16 MP: 3/3
   230 | D:1      | Reached XP level 2. HP: 14/23 MP: 4/4
   882 | D:2      | Noticed Ijyb
   912 | D:2      | Reached XP level 3. HP: 3/28 MP: 6/6
  1095 | D:2      | Killed from afar by Ijyb

Action                   || total
-------------------------++-------
Melee: Unarmed           ||    73
       Dagger            ||    22
 Cast: Beastly Appendage ||    15
  Use: Scroll            ||     2
       Potion            ||     1
